 Dungeon Crawl Stone Soup version 0.31-a0-217-g58bb5d79cf (webtiles) character file.

Game seed: 9529925206112496679

9680 benadryl the Thaumaturge (level 11, -4/76 (84) HPs)
             Began as a Gnoll Wanderer on July 2, 2023.
             Was an Elder of Vehumet.
             Slain by a spectral orc knight
             ... wielding a +0 war axe
             ... summoned by Nergalle
              (6 damage)
             ... on level 10 of the Dungeon.
             The game lasted 00:17:40 (9393 turns).

benadryl the Thaumaturge (Gnoll Wanderer)           Turns: 9393, Time: 00:17:40

HP:   -4/76 (84)    AC: 14    Str: 10    XL:     11   Next: 50%
MP:   15/23         EV: 14    Int: 16    God:    Vehumet [****..]
Gold: 530           SH:  0    Dex: 13    Spells: 17/26 levels left

rFire   + + +        E - +5 scythe "Finisher" {speed, execute}
rCold   . . .        (shield currently unavailable)
rNeg    + . .        h - +3 salamander hide armour {Flames, rFlCloud rF++ rC--}
rPois   .            e - +0 helmet
rElec   .            I - scarf {rC+ rF+}
rCorr   .            b - +1 pair of gloves
SInv    .            o - +3 pair of seven-league boots {Rampage+∞}
Will    .....        (no amulet)
Stlth   +++          i - ring of protection from cold
HPRegen 0.32/turn    B - ring of positive energy
MPRegen 0.18/turn

%: rampage+∞
@: marked, drained, invisible
A: fangs 1, strong nose, distributed training
a: Renounce Religion


You were on level 10 of the Dungeon.
You worshipped Vehumet.
Vehumet was greatly pleased with you.
You visited 2 branches of the dungeon, and saw 11 of its levels.
You also visited: Sewer and Bailey.

You collected 706 gold pieces.
You spent 176 gold pieces at shops.

Inventory:

Hand Weapons
 a - a +1 quarterstaff
 n - the +0 hand axe of Ascent {flame, +Blink Will++}
   (You took it off an orc on level 3 of the Dungeon)

   +Blink:    It lets you blink.
   Will:      It greatly increases your willpower.
 E - the +5 scythe "Finisher" (weapon) {speed, execute}
   (You found it on level 7 of the Dungeon)
Armour
 b - a +1 pair of gloves (worn)
 d - a +0 robe
 e - a +0 helmet (worn)
 h - the +3 salamander hide armour (worn) {Flames, rFlCloud rF++ rC--}
   (You found it on level 3 of the Dungeon)

   Flames:    It surrounds you with flame clouds and enhances your fire magic.
   rFlCloud:  It grants immunity to flame clouds.
   rF:        It greatly protects you from fire.
   rC:        It makes you very vulnerable to cold.
 o - the +3 pair of seven-league boots (worn) {Rampage+∞}
   (You found it in a bailey)

   Rampage+∞: When moving toward enemies, its wearer moves as far as possible,
   alerting their target en route.
 I - a scarf of resistance (worn)
Magical Staves
 f - a staff of conjuration
Jewellery
 i - a ring of protection from cold (left hand)
 B - a ring of positive energy (right hand)
 G - a ring of see invisible
Scrolls
 g - a scroll of immolation
 k - 4 scrolls of brand weapon
 r - a scroll of fog
 s - 2 scrolls of butterflies
 v - 3 scrolls of teleportation
 y - a scroll of blinking
 A - 2 scrolls of poison
 D - 2 scrolls of fear
 H - a scroll of amnesia
Potions
 c - 2 potions of attraction
 j - 3 potions of brilliance
 l - 4 potions of heal wounds
 m - 2 potions of invisibility
 p - 2 potions of berserk rage
 q - 2 potions of curing {@q1}
 t - a potion of cancellation {unknown}
 u - a potion of magic {unknown}
 w - a potion of resistance {unknown}
 x - a potion of lignification {unknown}
 C - a potion of might
 J - a potion of enlightenment
Miscellaneous
 z - a box of beasts


   Skills:
 + Level 7.1 Fighting
 + Level 6.6 Short Blades
 + Level 6.6 Long Blades
 + Level 6.6 Axes
 + Level 6.6 Maces & Flails
 + Level 6.6 Polearms
 + Level 7.1 Staves
 + Level 6.6 Ranged Weapons
 + Level 7.1 Throwing
 + Level 7.1 Armour
 + Level 6.6 Dodging
 + Level 7.0 Stealth
 + Level 6.6 Shields
 + Level 6.6 Unarmed Combat
 + Level 8.4 Spellcasting
 + Level 5.4 Conjurations
 + Level 5.4 Hexes
 + Level 5.4 Summonings
 + Level 5.4 Necromancy
 + Level 5.4 Translocations
 + Level 5.4 Transmutations
 + Level 5.4 Fire Magic
 + Level 5.4 Ice Magic
 + Level 5.4 Air Magic
 + Level 7.8 Earth Magic
 + Level 5.4 Poison Magic
 + Level 7.2 Invocations
 + Level 6.6 Evocations


You had 17 spell levels left.
You knew the following spells:

 Your Spells              Type           Power      Damage    Failure   Level
a - Sandblast             Erth           62%        2d14      1%          1
b - Scorch                Fire           72%        2d8       1%          2
c - Olgreb's Toxic Radia  Pois           24%        N/A       4%          4
d - Blink                 Tloc           48%        N/A       2%          2

Your spell library contained the following spells:

 Spells                   Type           Power      Damage    Failure   Level
 Fireball                 Conj/Fire      18%        3d9       11%         5
 Apportation              Tloc           48%        N/A       1%          1
 Necrotise                Necr           96%        1d8       1%          1
 Slow                     Hex            96%        N/A       1%          1
 Summon Small Mammal      Summ           96%        N/A       1%          1
 Momentum Strike          Conj/Tloc      48%        3d9       1%          2
 Passwall                 Tmut/Erth      23%        N/A       1%          2
 Inner Flame              Hex/Fire       36%        N/A       1%          3
 Lesser Beckoning         Tloc           48%        N/A       2%          2
 Confusing Touch          Hex            24%        N/A       4%          3
 Vampiric Draining        Necr           24%        2d7       4%          3
 Leda's Liquefaction      Hex/Erth       14%        N/A       9%          4
 Yara's Violent Unravell  Hex/Tmut       12%        3d7       11%         5
 Animate Dead             Necr           24%        N/A       14%         4
 Simulacrum               Ice/Necr       12%        N/A       92%         6
 Ozocubu's Refrigeration  Ice            12%        4d10      95%         7
 Enfeeble                 Hex            12%        N/A       100%        7
 Haunt                    Necr/Summ      12%        N/A       100%        7
 Discord                  Hex            12%        N/A       100%        8
 Ignition                 Fire           18%        3d7       100%        8
 Infestation              Necr           12%        N/A       100%        8
 Polar Vortex             Ice            12%        N/A       100%        9


Dungeon Overview and Level Annotations

Branches:
Dungeon (10/15)            Temple (1/1) D:4            Lair (0/5) D:9
  Sewer (visited)          Bailey (visited)
    Orc: D:9-12

Altars:
Cheibriados
Elyvilon
Fedhas
Gozag
Hepliaklqana
Nemelex Xobeh
Qazlal
Ru
Sif Muna
Trog
Vehumet
Xom
Yredelemnul
Zin
The Shining One

Shops:
D:6 (   D:8 [   D:10 *

Annotations:
D:5 exclusion: moth of wrath
D:10 Nergalle


Innate Abilities, Weirdness & Mutations

You have very sharp teeth.
Your uncanny sense of smell can sniff out nearby items.
Your experience applies equally to all skills.


Message History

The centaur shoots an arrow.
The arrow barely misses you.
Nergalle hits you with a +2 dagger of protection.
You hit Nergalle but do no damage.
Nergalle is heavily wounded.
The centaur shoots an arrow.
The arrow barely misses you.
The spectral orc knight hits you with a +0 war axe!
The spectral orc warrior hits you from afar with a +0 glaive!
You partially resist.
You feel drained.
Nergalle is engulfed in blazing flames.
Nergalle hits you with a +2 dagger of protection.
You stride towards the centaur!
A wraith comes into view.
You slash the centaur!
You kill the centaur!
Vehumet accepts your kill.
The spectral orc knight is engulfed in blazing flames.
The spectral orc warrior is engulfed in blazing flames.
Nergalle gestures at you while chanting.
The bolt of negative energy hits you!! You partially resist.
You feel drained.
* * * LOW HITPOINT WARNING * * *
You feel much better.
The spectral orc warrior is engulfed in blazing flames.
Nergalle casts a spell at you. The bolt of negative energy hits you!!
You partially resist.
You feel drained.
* * * LOW HITPOINT WARNING * * *
You fade into invisibility!
The spectral orc warrior is engulfed in blazing flames.
You destroy the spectral orc warrior!
The spectral orc warrior disappears in a puff of smoke!
Nergalle casts a spell at the spectral orc warrior.
The spectral orc warrior seems to speed up.
Casting: Olgreb's Toxic Radiance (dangerous; 4% risk of failure)
Confirm with . or Enter, or press ? or * to list all spells.
You feel a surge of power!
Flames lash the spectral orc warrior.
The spectral orc warrior is almost destroyed.
The spectral orc warrior's fire resistance burns away.
The spectral orc warrior hits you from afar with a +0 glaive!
* * * LOW HITPOINT WARNING * * *
The spectral orc knight is engulfed in blazing flames.
The spectral orc knight hits you with a +0 war axe.
You die...

..####.#### #........
......... '.........
..######.####........#
..+ .....'........# ..#
#..#o.......### ..#
######....○..#...... ..#
#...).)...Z.W..#..#.
#####......)..)☼○Z#..#..
........).)....○@°..#..#
#.###....))....○○°.#..#.
#.#.#.))..........#..#..
#.#.#.).................
......)..........###....
............###### ....
#.#.#.......# ... .
#.#.......# ..
###..+##..#


You could see Nergalle (empowered, very poisoned), a spectral orc warrior
(summoned, fast, combustible), a spectral orc knight (summoned) and a wraith.

Vanquished Creatures
  A skeletal warrior (D:7)
  The ghost of IdlyInterested the Trooper, a novice DsFi (D:6)
  An orc knight (Bailey)
  2 hornets
  2 wyverns (D:9)
  5 wraiths
  A basilisk (D:9)
  14 yaks
  A warg (D:10)
  An acid dragon (D:9)
  3 water moccasins
  14 orc warriors
  A sky beast (D:7)
  An ogre (D:7)
  3 centaurs
  A phantom (D:7)
  2 kobold brigands (Sewer)
  A bullfrog (D:9)
  3 scorpions
  A gnoll sergeant (D:9)
  8 wights (D:7)
  6 howler monkeys
  A hound (D:5)
  8 orc priests
  3 jellies
  3 sleepcaps
  Jessica (D:2)
  15 orc wizards
  6 iguanas
  Robin (D:2)
  2 adders
  4 gnolls (D:9)
  A shadow imp (D:7)
  2 white imps (D:5)
  An ufetubus (D:7)
  3 worms
  63 orcs
  3 endoplasms
  11 giant cockroaches
  11 goblins
  3 hobgoblins
  4 jackals (D:3)
  22 kobolds
  3 quokkas (D:1)
  11 ball pythons
  9 bats
  2 frilled lizards (D:3)
  10 rats
  2 butterflies (D:6)
278 creatures vanquished.

Notes
Turn   | Place    | Note
-------+----------+-------------------------------------------
     0 | D:1      | benadryl the Gnoll Wanderer began the quest for the Orb.
     0 | D:1      | benadryl set off with the following items: a +0
                  | quarterstaff, a +0 pair of gloves, a scroll of blinking, a
                  | +0 robe; and the following spell memorised: Sandblast; and
                  | the following spells available to memorise: Passwall,
                  | Leda's Liquefaction.
     0 | D:1      | Reached XP level 1. HP: 17/17 MP: 6/6
   137 | D:1      | Reached XP level 2. HP: 19/23 MP: 4/7
   958 | D:2      | Noticed Jessica
   966 | D:2      | Killed Jessica
   967 | D:2      | Reached skill level 5 in Spellcasting
   967 | D:2      | Reached skill level 1 in Invocations
   967 | D:2      | Reached XP level 3. HP: 28/28 MP: 5/9
  1054 | D:2      | Reached skill level 1 in Short Blades
  1054 | D:2      | Reached skill level 1 in Long Blades
  1054 | D:2      | Reached skill level 1 in Axes
  1054 | D:2      | Reached skill level 1 in Maces & Flails
  1054 | D:2      | Reached skill level 1 in Polearms
  1054 | D:2      | Reached skill level 1 in Ranged Weapons
  1054 | D:2      | Reached skill level 1 in Dodging
  1054 | D:2      | Reached skill level 1 in Shields
  1054 | D:2      | Reached skill level 1 in Unarmed Combat
  1054 | D:2      | Reached skill level 1 in Evocations
  1169 | D:2      | Noticed Robin
  1175 | D:2      | Killed Robin
  1176 | D:2      | Reached XP level 4. HP: 14/34 MP: 4/11
  2073 | D:3      | Reached skill level 1 in Conjurations
  2073 | D:3      | Reached skill level 1 in Hexes
  2073 | D:3      | Reached skill level 1 in Summonings
  2073 | D:3      | Reached skill level 1 in Necromancy
  2073 | D:3      | Reached skill level 1 in Translocations
  2073 | D:3      | Reached skill level 1 in Transmutations
  2073 | D:3      | Reached skill level 1 in Fire Magic
  2073 | D:3      | Reached skill level 1 in Ice Magic
  2073 | D:3      | Reached skill level 1 in Air Magic
  2073 | D:3      | Reached skill level 1 in Poison Magic
  2077 | D:3      | Found the +3 salamander hide armour {Flames, rFlCloud rF++
                  | rC--}
  2192 | D:3      | Found a blossoming altar of Fedhas.
  2372 | D:3      | Found a hazy altar of Hepliaklqana.
  2404 | D:3      | Identified the +0 hand axe of Ascent {flame, +Blink Will++}
  2421 | D:3      | Found a sacrificial altar of Ru.
  2435 | D:3      | Reached XP level 5. HP: 40/40 MP: 7/12
  2515 | D:3      | Found a faded altar of an unknown god.
  2661 | D:3      | Found a glowing golden altar of the Shining One.
  3037 | D:4      | Reached XP level 6. HP: 42/47 MP: 14/14
  3157 | D:4      | Found a staircase to the Ecumenical Temple.
  3164 | Temple   | Entered the Ecumenical Temple
  3173 | Temple   | Became a worshipper of Vehumet
  3376 | D:5      | Entered Level 5 of the Dungeon
  3521 | D:5      | Noticed a moth of wrath
  3524 | D:5      | Found a bloodstained altar of Trog.
  3902 | D:5      | Found an opulent altar of Gozag.
  4238 | D:5      | Reached XP level 7. HP: 52/52 MP: 15/15
  4404 | D:6      | Found a glowing drain.
  4413 | Sewer    | Entered a sewer
  4490 | Sewer    | Reached * piety under Vehumet
  4490 | Sewer    | Offered knowledge of Foxfire by Vehumet.
  4737 | D:6      | Noticed a hornet
  4749 | D:6      | Killed a hornet
  4888 | D:6      | Reached XP level 8. HP: 60/60 MP: 10/16
  5006 | D:6      | Found a large runed translucent door.
  5006 | D:6      | Found a large runed translucent door.
  5009 | D:6      | Noticed IdlyInterested's ghost (novice DsFi)
  5032 | D:6      | Killed IdlyInterested's ghost
  5033 | D:6      | Reached skill level 6 in Spellcasting
  5139 | D:6      | Found a shimmering altar of Xom.
  5228 | D:6      | Found Mollehat's Weapon Boutique.
  5420 | D:7      | Noticed a hornet
  5425 | D:7      | Paralysed by a hornet for 2 turns
  5425 | D:7      | Killed a hornet
  5550 | D:7      | Reached XP level 9. HP: 66/66 MP: 15/18
  5586 | D:7      | Reached skill level 5 in Fighting
  5586 | D:7      | Reached skill level 5 in Staves
  5586 | D:7      | Reached skill level 5 in Throwing
  5586 | D:7      | Reached skill level 5 in Armour
  5787 | D:7      | Reached ** piety under Vehumet
  5804 | D:7      | Offered knowledge of Scorch by Vehumet.
  5805 | D:7      | Reached skill level 5 in Stealth
  5819 | D:7      | Learned a level 2 spell: Scorch
  6090 | D:7      | Reached skill level 5 in Invocations
  6116 | D:7      | Noticed a skeletal warrior
  6116 | D:7      | Found the +5 scythe "Finisher" {speed, execute}
  6139 | D:7      | Killed a skeletal warrior
  6140 | D:7      | Reached skill level 7 in Spellcasting
  6143 | D:7      | Reached skill level 5 in Short Blades
  6143 | D:7      | Reached skill level 5 in Long Blades
  6143 | D:7      | Reached skill level 5 in Axes
  6143 | D:7      | Reached skill level 5 in Maces & Flails
  6143 | D:7      | Reached skill level 5 in Polearms
  6143 | D:7      | Reached skill level 5 in Ranged Weapons
  6143 | D:7      | Reached skill level 5 in Dodging
  6143 | D:7      | Reached skill level 5 in Shields
  6143 | D:7      | Reached skill level 5 in Unarmed Combat
  6143 | D:7      | Reached skill level 5 in Evocations
  6143 | D:7      | Reached XP level 10. HP: 26/76 MP: 13/20
  6871 | D:8      | Found a white marble altar of Elyvilon.
  7110 | D:8      | Offered knowledge of Stone Arrow by Vehumet.
  7461 | D:8      | Found Piwio's Antique Armour Boutique.
  7467 | D:8      | Bought an embroidered scarf for 176 gold pieces
  7762 | D:9      | Found a staircase to the Lair.
  7818 | D:9      | Reached *** piety under Vehumet
  7859 | D:9      | Reached skill level 5 in Conjurations
  7859 | D:9      | Reached skill level 5 in Hexes
  7859 | D:9      | Reached skill level 5 in Summonings
  7859 | D:9      | Reached skill level 5 in Necromancy
  7859 | D:9      | Reached skill level 5 in Translocations
  7859 | D:9      | Reached skill level 5 in Transmutations
  7859 | D:9      | Reached skill level 5 in Fire Magic
  7859 | D:9      | Reached skill level 5 in Ice Magic
  7859 | D:9      | Reached skill level 5 in Air Magic
  7859 | D:9      | Reached skill level 5 in Poison Magic
  7859 | D:9      | Reached XP level 11. HP: 83/83 MP: 22/22
  7868 | D:9      | Reached skill level 8 in Spellcasting
  7878 | D:9      | Learned a level 4 spell: Olgreb's Toxic Radiance
  7973 | D:9      | Found a flagged portal.
  7982 | Bailey   | Entered a bailey
  8002 | Bailey   | Offered knowledge of Flame Wave by Vehumet.
  8187 | Bailey   | Noticed an orc knight
  8201 | Bailey   | Killed an orc knight
  8394 | Bailey   | Found the +3 giant club "Skullcrusher" {speed, Str+7}
  8394 | Bailey   | Found the +3 pair of seven-league boots {Rampage+∞}
  8401 | Bailey   | Identified the +0 plate armour of Merph {Rampage rN+ Int-3}
  8497 | D:9      | Learned a level 2 spell: Blink
  8818 | D:9      | Reached **** piety under Vehumet
  8951 | D:9      | Found a sparkling altar of Nemelex Xobeh.
  8956 | D:9      | Offered knowledge of Fireball by Vehumet.
  9240 | D:10     | Entered Level 10 of the Dungeon
  9246 | D:10     | Found a shimmering blue altar of Sif Muna.
  9247 | D:10     | Found a snail-covered altar of Cheibriados.
  9362 | D:10     | Found Ynomiqia's Assorted Antiques.
  9382 | D:10     | Noticed Nergalle
  9383 | D:10     | Identified the +3 dagger of Recklessness {elec, rPois}
  9393 | D:10     | HP: 2/76 [spectral orc warrior/+0 glaive[Nergalle] (11)]
  9393 | D:10     | Slain by a spectral orc knight

Illustrated notes

Levels and vault maps discovered:
D:1:      co_arrival_square_in_a_square_in_a_square, layout_loops_ring,
          chequers_serial_rivers_small_a, chequers_serial_rivers_room_a
D:2:      layout_basic, uniq_jessica, uniq_robin
D:3:      minmay_roachtagon, layout_rooms, mainiacjoe_overflow_catch_the_wave,
          lemuel_crystal_altar, mainiacjoe_overflow_chevrons,
          nicolae_ecumenical_lake_church, serial_curves, eino_curves_02,
          eino_curves_03, minmay_misc_feat_doors, kennysheep_generic_room_14
D:4:      layout_basic, minmay_temple_entry_wispy
D:5:      layout_loops_ring, tgw_trog, general_overflow_altar
D:6:      layout_cave_pools, xom_butterflies, serial_shops,
          nicolae_shop_bloodbath_and_beyond, ebering_ghost_disaster_area,
          cheibrodos_sewer_entry_drain
D:7:      layout_basic, minmay_guarded_unrand_finisher
D:8:      layout_loops_ring, elyvilon_altar_1, serial_shops,
          nicolae_shop_just_a_little_nook, nicolae_figureground_sparkle
D:9:      layout_loops_cross, overflow_temple_1_default,
          minmay_lair_entry_grove, enter_bailey_8
D:10:     layout_basic, nzn_makhleb_speed_demon, nzn_wu_jian_council_hall,
          grunt_temple_overflow_open, david_orc_3, ebering_ghost_gozag,
          serial_shops, nicolae_shop_tiny_glass, minmay_misc_feat_diagonals,
          minmay_crystal_room, minmay_misc_feat_nine_boxes, uniq_nergalle,
          uniq_maggie, uniq_fannar
Temple:   compressed_dpeg_triangle_lava_temple

Skill      XL: |  1  2  3  4  5  6  7  8  9 10 11 |
---------------+----------------------------------+-----
Spellcasting   | 5 6 7 8 |  8.4
Invocations    | 1 2 3 4 5 6 7 |  7.2
Short Blades   | 1 2 3 5 6 |  6.6
Long Blades    | 1 2 3 5 6 |  6.6
Axes           | 1 2 3 5 6 |  6.6
Maces & Flails | 1 2 3 5 6 |  6.6
Polearms       | 1 2 3 5 6 |  6.6
Ranged Weapons | 1 2 3 5 6 |  6.6
Dodging        | 1 2 3 5 6 |  6.6
Shields        | 1 2 3 5 6 |  6.6
Unarmed Combat | 1 2 3 5 6 |  6.6
Evocations     | 1 2 3 5 6 |  6.6
Conjurations   | 1 2 3 4 5 |  5.4
Hexes          | 1 2 3 4 5 |  5.4
Summonings     | 1 2 3 4 5 |  5.4
Necromancy     | 1 2 3 4 5 |  5.4
Translocations | 1 2 3 4 5 |  5.4
Transmutations | 1 2 3 4 5 |  5.4
Fire Magic     | 1 2 3 4 5 |  5.4
Ice Magic      | 1 2 3 4 5 |  5.4
Air Magic      | 1 2 3 4 5 |  5.4
Poison Magic   | 1 2 3 4 5 |  5.4
Fighting       | 3 4 5 6 7 |  7.1
Staves         | 3 4 5 6 7 |  7.1
Throwing       | 3 4 5 6 7 |  7.1
Armour         | 3 4 5 6 7 |  7.1
Stealth        | 3 4 5 6 7 |  7.0
Earth Magic    | 6 7 |  7.8

Action                     |  1- 3 |  4- 6 |  7- 9 | 10-12 || total
---------------------------+-------+-------+-------+-------++-------
  Melee: Quarterstaff      |    20 |    24 |       |       ||    44
         Bite              |       |     3 |     2 |     5 ||    10
         Hand axe          |       |     7 |    21 |     1 ||    29
         Punch             |       |       |     2 |       ||     2
         Scythe            |       |       |       |   211 ||   211
   Cast: Sandblast         |    29 |    63 |    64 |       ||   156
         Scorch            |       |       |    25 |    46 ||    71
         Olgreb's Toxic Ra |       |       |       |     6 ||     6
    Use: Scroll            |       |    15 |     2 |     6 ||    23
         Potion            |       |       |     3 |     2 ||     5
   Stab: Sleeping          |     5 |       |       |     3 ||     8
 Armour: Robe              |    12 |    25 |       |       ||    37
         Leather armour    |       |     3 |    21 |    21 ||    45
  Dodge: Dodged            |    17 |    66 |    19 |    61 ||   163

Table legend: (Time is in decaauts)
 A = Elapsed time spent in this place.
 B = Non-inter-level travel time spent in this place.
 C = Inter-level travel time spent in this place.
 D = Time resting spent in this place.
 E = Time spent auto-exploring this place.
 F = Levels seen in this place.
 G = Mean time per level.
                   A        B        C        D        E       F      G
               +--------+--------+--------+--------+--------+-----+--------+
         Total |   9557 |   9039 |    518 |   1146 |   5858 |  13 |  735.2 |
       Dungeon |   8695 |   8184 |    511 |    818 |   5820 |  10 |  869.5 |
        Temple |     16 |      9 |      7 |      0 |      1 |   1 |   16.0 |
         Sewer |    326 |    326 |      0 |    108 |      0 |   1 |  326.0 |
        Bailey |    519 |    519 |      0 |    220 |     37 |   1 |  519.0 |
               +--------+--------+--------+--------+--------+-----+--------+

Top non-repeatable levels by time:
     D:7: 1340 daAuts
     D:1: 1188 daAuts
     D:9: 1008 daAuts
     D:5: 990 daAuts
     D:8: 937 daAuts
     D:3: 925 daAuts
     D:6: 855 daAuts
     D:2: 850 daAuts
  Bailey: 519 daAuts
     D:4: 443 daAuts
   Sewer: 326 daAuts
    D:10: 155 daAuts
  Temple: 16 daAuts
